 Dungeon Crawl Stone Soup version 0.28.0-45-g0d030f2227 (webtiles) character file.

Game seed: 14239983843375395771

286 Iusername the Covered (level 6, -5/55 HPs)
             Began as a Minotaur Fighter on Apr 6, 2022.
             Was a Believer of Makhleb.
             Splashed by a jelly's acid (9 damage)
             ... on level 4 of the Dungeon.
             The game lasted 00:10:13 (4101 turns).

Iusername the Covered (Minotaur Fighter)            Turns: 4101, Time: 00:10:15

Health: -5/55      AC: -8    Str: 22    XL:     6   Next: 8%
Magic:  5/5        EV:  6    Int:  5    God:    Makhleb [**....]
Gold:   174        SH:  4    Dex: 10    Spells: 5/5 levels left

rFire   . . .      SeeInvis +   a - +0 long sword
rCold   . . .      Faith    .   c - +0 buckler
rNeg    . . .      Spirit   .   b - +0 scale mail
rPois   .          Reflect  .   (helmet restricted)
rElec   .          Harm     .   (no cloak)
rCorr   .          Rampage  .   (no gloves)
Will    .....                   (no boots)
Stlth   ..........              (no amulet)
HPRegen 0.18/turn               k - ring of see invisible
MPRegen 0.09/turn               (no ring)

@: corroded, constricted
A: horns 2, retaliatory headbutt
a: Renounce Religion, Minor Destruction


You were on level 4 of the Dungeon.
You worshipped Makhleb.
Makhleb was pleased with you.
You visited 1 branch of the dungeon, and saw 4 of its levels.

You collected 174 gold pieces.

Inventory:

Hand Weapons
 a - a +0 long sword (weapon)
Missiles
 o - 3 poisoned darts
Armour
 b - a +0 scale mail (worn)
 c - a +0 buckler (worn)
Jewellery
 k - a ring of see invisible (left hand)
Wands
 g - a wand of flame (15) (quivered)
Scrolls
 e - a scroll of magic mapping
 f - a scroll of fog
 i - a scroll of amnesia
 m - a scroll of teleportation
Potions
 d - a potion of might
 h - 3 potions of lignification
 j - a potion of attraction {unknown}
 l - a potion of degeneration {unknown}


   Skills:
 + Level 4.9 Fighting
 + Level 4.6 Long Blades
 + Level 5.4 Armour
 + Level 1.0 Dodging
 + Level 0.3 Stealth
 + Level 4.6 Shields


You had 5 spell levels left.
You didn't know any spells.
Your spell library contained the following spells:

 Spells                   Type           Power      Damage    Failure   Level
 Ensorcelled Hibernation  Hex/Ice        0%         N/A       95%         2
 Ozocubu's Armour         Ice            0%         N/A       99%         3
 Spider Form              Tmut/Pois      0%         N/A       99%         3
 Anguish                  Hex/Necr       0%         N/A       100%        4
 Metabolic Englaciation   Hex/Ice        0%         N/A       100%        5
 Simulacrum               Ice/Necr       0%         N/A       100%        6


Dungeon Overview and Level Annotations

Branches:
Dungeon (4/15)
 Temple: D:4-7

Altars:
Makhleb
Vehumet

Shops:
D:4 *

Annotations:
D:3 2 transporters


Innate Abilities, Weirdness & Mutations

You have a pair of horns on your head.
You reflexively headbutt those who attack you in melee.


Message History

You pick up a book of Winter and begin reading...
You add the spells Ozocubu's Armour, Metabolic Englaciation and Simulacrum to your library.
Things that are here:
a +0 scimitar; a +0 robe
As you read the scroll of identify, it crumbles to dust.
f - a scroll of fog
Found an escape hatch in the ceiling.
A jelly comes into view.
The jelly quivers.
A jelly is nearby!
A ball python comes into view.
The ball python hisses angrily.
The jelly barely misses you. You furiously retaliate!
You headbutt the jelly, but do no damage.
You slash the jelly! The acid corrodes you!
Your hands burn!
The jelly is severely wounded.
The jelly hits you. The acid corrodes you!
You are splashed with acid!
You hit the jelly.
Your hands burn!
The jelly is almost dead.
The jelly hits you. The acid corrodes you!
You are splashed with acid!
The ball python bites you. The ball python grabs you.
The ball python constricts you.
You hit the jelly but do no damage. The acid corrodes you!
Your hands burn!
The jelly is almost dead.
The jelly barely misses you. The ball python bites you.
The ball python constricts you. The jelly hits you.
You are splashed with acid.
* * * LOW HITPOINT WARNING * * *
You hit the jelly.
Your hands burn!
* * * LOW HITPOINT WARNING * * *
Your headbutt misses the jelly.
The jelly is almost dead.
The ball python barely misses you. The ball python constricts you.
The ball python bites you.
* * * LOW HITPOINT WARNING * * *
The ball python constricts you.
* * * LOW HITPOINT WARNING * * *
The jelly hits you.
* * * LOW HITPOINT WARNING * * *
You are splashed with acid!
You die...

#. .. ## #.# .# .. #..
.# # .# #. #... .#.# .#
###.# ##.## .#.#### .#
#..<..##...##......#
.####.# #.#.....#S.....#
...##.# #.......@J.....#
).....###.#.....##.....#
.#.##.....##...## ....#
...............# .###
.....)#..####..# #
.#.#..)#.####..#
...............#
..[##.##.#####.#
##.##.##.# #.#


You could see a jelly and a ball python.

Vanquished Creatures
  Blork the orc (D:4)
  A hound (D:4)
  Ijyb (D:4)
  An orc wizard (D:4)
  5 adders
  A worm (D:3)
  2 dart slugs
  7 orcs
  11 bats
  3 endoplasms
  2 giant cockroaches
  5 goblins
  5 hobgoblins
  4 jackals (D:3)
  3 quokkas
  9 ball pythons
  3 frilled lizards
  5 kobolds
  6 rats
  A bush (D:1)
76 creatures vanquished.

Vanquished Creatures (others)
  A plant (D:1)
1 creature vanquished.

Grand Total: 77 creatures vanquished

Notes
Turn   | Place    | Note
-------+----------+-------------------------------------------
     0 | D:1      | Iusername the Minotaur Fighter began the quest for the Orb.
     0 | D:1      | Reached XP level 1. HP: 19/19 MP: 0/0
   334 | D:1      | Reached XP level 2. HP: 25/27 MP: 1/1
   750 | D:1      | Found a faded altar of an unknown god.
   772 | D:1      | Prayed at the altar of an unknown god.
   772 | D:1      | Became a worshipper of Makhleb the Destroyer
   772 | D:1      | Reached * piety under Makhleb
  1105 | D:2      | Reached XP level 3. HP: 33/34 MP: 2/2
  1207 | D:2      | Reached skill level 4 in Armour
  2105 | D:3      | Found a transporter.
  2124 | D:3      | Found a transporter.
  2156 | D:3      | Found a radiant altar of Vehumet.
  2230 | D:3      | Reached XP level 4. HP: 39/41 MP: 3/3
  3361 | D:4      | Found Ahuuh's General Store.
  3383 | D:4      | Reached ** piety under Makhleb
  3419 | D:4      | Reached XP level 5. HP: 47/47 MP: 4/4
  3441 | D:4      | Reached skill level 5 in Armour
  3590 | D:4      | Noticed Ijyb
  3591 | D:4      | Noticed Blork the orc
  3605 | D:4      | Killed Blork the orc
  3614 | D:4      | Killed Ijyb
  3615 | D:4      | Reached skill level 1 in Dodging
  3615 | D:4      | Reached XP level 6. HP: 8/55 MP: 5/5
  4101 | D:4      | Splashed by a jelly's acid

Illustrated notes

Levels and vault maps discovered:
D:1:      giann_horns, layout_basic, serial_forest,
          infiniplex_forest_clump_cross, infiniplex_forest_lined_1,
          infiniplex_forest_straight_3, infiniplex_forest_join,
          infiniplex_forest_lined_room_2, hellmonk_ecumenical_altar_crossroads
D:2:      layout_loops_ring
D:3:      gammafunk_steamed_eel, layout_loops_ring, nicolae_vehumet_radiance,
          wad_rectangle_vault
D:4:      layout_loops_ring, serial_shops, shop, nicolae_shop_hallway_plus,
          shop, uniq_blork_the_orc, uniq_edmund, uniq_ijyb, uniq_robin

Skill      XL: |  1  2  3  4  5 |
---------------+----------------+-----
Long Blades    | 3 4 |  4.6
Fighting       | 4 |  4.9
Armour         | 4 5 |  5.4
Shields        | 4 |  4.6
Dodging        | 1 |  1.0
Stealth        | |  0.3

Action                   |  1- 3 |  4- 6 || total
-------------------------+-------+-------++-------
Melee: Long sword        |   115 |    99 ||   214
       Headbutt          |    24 |    12 ||    36
  Use: Scroll            |     1 |     6 ||     7
       Potion            |       |     2 ||     2
Armor: Scale mail        |    55 |    57 ||   112
Dodge: Dodged            |    41 |    70 ||   111
Block: Buckler           |    24 |    38 ||    62
